[ AOE2 MATCH · #467577409 ]
UnrankedAztecs vs Bohemians
Player's team · LOSS
Rival team · WIN
[ REPLAY ANALYSIS · EXTRACTED FROM THE RECORDED GAME ]
Feudal
12:04
Castle
20:45
Imperial
46:03
| APM avg | 30.3 |
| APM peak | 58 |
| eAPM avg | 12.3 |
| Villagers / military | 74 / 106 |
Focus
⚔️ 27.6% · 🌾 72.4%
Skirmisher ×76 · Eagle Scout ×22 · Spearman ×3 · Mangonel ×2 · Trebuchet (Packed) ×2 · Battering Ram ×1
Feudal
11:15
Castle
16:44
Imperial
52:18
| APM avg | 22.1 |
| APM peak | 54 |
| eAPM avg | 10.1 |
| Villagers / military | 78 / 118 |
Focus
⚔️ 27.0% · 🌾 73.0%
Hand Cannoneer ×96 · Hussite Wagon ×10 · Archer ×5 · Bombard Cannon ×5 · Monk ×1 · Scout Cavalry ×1
Match map
Initial resources + every placement click. Lines = walls · curves = elevation contours. ◆ gold · ⬟ stone · ● berries · ✦ relic · ◌ wall gap
Inputs per minute
— DüSa - - Foxinen
Build order — DüSa
First 150 of 188 actions detected
| 0:04 | Create | Villager (Male) ×4 |
| 0:07 | Build | House |
| 0:08 | Build | House |
| 1:57 | Create | Villager (Male) |
| 1:57 | Create | Villager (Male) |
| 2:37 | Create | Villager (Male) ×2 |
| 3:15 | Build | Lumber Camp |
| 3:37 | Create | Villager (Male) |
| 3:37 | Create | Villager (Male) |
| 4:08 | Create | Villager (Male) ×2 |
| 4:29 | Build | House |
| 4:52 | Create | Villager (Male) |
| 4:52 | Create | Villager (Male) |
| 4:59 | Build | House |
| 5:00 | Build | House |
| 5:42 | Create | Villager (Male) |
| 5:43 | Create | Villager (Male) |
| 6:38 | Create | Villager (Male) |
| 6:47 | Build | Mill |
| 7:17 | Create | Villager (Male) |
| 7:58 | Build | Mill |
| 8:03 | Create | Villager (Male) ×5 |
| 8:03 | Create | Villager (Male) ×5 |
| 8:34 | Build | House |
| 8:35 | Build | House |
| 8:38 | Build | House |
| 8:45 | Build | House |
| 8:48 | Build | House |
| 9:27 | Build | Mining Camp |
| 9:29 | Research | Loom |
| 9:29 | Research | Feudal Age |
| 12:04 | Age | Feudal Age |
| 12:30 | Build | Barracks |
| 12:36 | Create | Villager (Male) |
| 12:36 | Create | Villager (Male) |
| 13:21 | Build | Archery Range |
| 13:25 | Create | Villager (Male) |
| 13:25 | Create | Villager (Male) |
| 13:26 | Create | Villager (Male) |
| 13:40 | Research | Horse Collar |
| 13:54 | Research | Double-Bit Axe |
| 14:28 | Build | Farm |
| 14:29 | Build | Farm |
| 14:29 | Build | Farm |
| 14:34 | Build | Farm |
| 14:47 | Create | Spearman |
| 14:47 | Create | Spearman |
| 14:56 | Create | Villager (Male) |
| 15:00 | Create | Villager (Male) |
| 15:01 | Create | Villager (Male) |
| 15:17 | Create | Spearman |
| 15:42 | Build | Mining Camp |
| 15:55 | Build | Market |
| 16:24 | Build | Blacksmith |
| 16:56 | Build | Outpost |
| 17:10 | Build | Farm |
| 17:10 | Build | Farm |
| 17:11 | Build | Farm |
| 17:17 | Create | Eagle Scout |
| 17:17 | Create | Eagle Scout |
| 17:53 | Build | Outpost |
| 18:05 | Research | Castle Age |
| 18:08 | Build | Farm |
| 18:10 | Build | Farm |
| 19:42 | Create | Eagle Scout |
| 19:42 | Create | Eagle Scout |
| 19:43 | Create | Eagle Scout |
| 19:48 | Research | Scale Mail Armor |
| 20:30 | Build | Lumber Camp |
| 20:45 | Research | Forging |
| 20:45 | Age | Castle Age |
| 21:04 | Build | Castle |
| 21:11 | Build | House |
| 21:35 | Research | Eagle Warrior (upgrade) |
| 22:40 | Create | Eagle Scout |
| 22:40 | Create | Eagle Scout |
| 22:40 | Create | Eagle Scout |
| 22:41 | Create | Eagle Scout |
| 22:48 | Build | Barracks |
| 22:49 | Build | Barracks |
| 22:55 | Create | Villager (Male) |
| 22:55 | Create | Villager (Male) |
| 22:55 | Create | Villager (Male) |
| 23:31 | Build | Town Center |
| 23:55 | Build | Farm |
| 23:55 | Build | Farm |
| 23:55 | Build | Farm |
| 23:55 | Build | Farm |
| 24:21 | Research | Eagle Warrior (upgrade) |
| 24:32 | Create | Eagle Scout |
| 24:47 | Create | Villager (Male) |
| 24:48 | Create | Villager (Male) |
| 24:48 | Create | Villager (Male) |
| 25:12 | Create | Eagle Scout |
| 25:24 | Create | Villager (Male) ×3 |
| 26:11 | Create | Villager (Male) ×4 |
| 26:20 | Build | Farm |
| 26:22 | Build | Farm |
| 26:26 | Build | Farm |
| 26:29 | Build | Farm |
| 26:35 | Create | Eagle Scout ×2 |
| 27:13 | Create | Villager (Male) ×3 |
| 27:18 | Build | Farm |
| 27:20 | Build | Farm |
| 27:53 | Build | Mining Camp |
| 28:00 | Research | Squires |
| 28:05 | Create | Eagle Scout ×5 |
| 28:06 | Create | Eagle Scout ×4 |
| 28:34 | Research | Chain Mail Armor |
| 29:01 | Create | Villager (Male) ×2 |
| 29:23 | Build | Siege Workshop |
| 29:42 | Research | Iron Casting |
| 29:59 | Create | Battering Ram |
| 30:48 | Build | House |
| 30:54 | Build | House |
| 31:01 | Build | Archery Range |
| 31:03 | Build | Archery Range |
| 31:04 | Build | Archery Range |
| 31:26 | Create | Mangonel |
| 31:52 | Build | Castle |
| 32:13 | Research | Elite Skirmisher (upgrade) |
| 32:13 | Create | Skirmisher ×5 |
| 32:13 | Create | Skirmisher |
| 33:01 | Build | House |
| 33:04 | Build | House |
| 33:14 | Build | Blacksmith |
| 33:39 | Create | Mangonel |
| 34:19 | Create | Skirmisher |
| 34:19 | Create | Skirmisher |
| 34:20 | Create | Skirmisher |
| 34:20 | Create | Skirmisher |
| 35:30 | Build | Archery Range |
| 36:09 | Build | Archery Range |
| 36:12 | Create | Skirmisher ×5 |
| 36:16 | Research | Fletching |
| 36:17 | Research | Padded Archer Armor |
| 37:10 | Create | Skirmisher ×5 |
| 37:10 | Create | Skirmisher ×5 |
| 37:13 | Research | Bodkin Arrow |
| 38:13 | Build | Farm |
| 38:13 | Build | Farm |
| 38:13 | Build | Farm |
| 38:13 | Build | Farm |
| 38:33 | Build | Mill |
| 38:35 | Build | Farm |
| 38:35 | Build | Farm |
| 38:35 | Build | Farm |
| 38:35 | Build | Farm |
| 38:36 | Build | Farm |
| 38:48 | Create | Skirmisher ×4 |
Build order — Foxinen
First 150 of 196 actions detected
| 0:00 | Create | Villager (Male) |
| 0:00 | Create | Villager (Male) |
| 0:01 | Create | Villager (Male) |
| 0:02 | Build | House |
| 0:03 | Build | House |
| 0:15 | Create | Villager (Male) |
| 1:24 | Create | Villager (Male) |
| 1:44 | Build | Lumber Camp |
| 2:09 | Create | Villager (Male) |
| 2:20 | Create | Villager (Male) |
| 2:48 | Create | Villager (Male) |
| 3:26 | Create | Villager (Male) |
| 3:37 | Create | Villager (Male) |
| 4:02 | Build | House |
| 4:03 | Build | House |
| 4:10 | Create | Villager (Male) |
| 4:37 | Create | Villager (Male) |
| 5:02 | Create | Villager (Male) |
| 5:10 | Build | House |
| 5:13 | Build | Palisade Wall |
| 5:22 | Build | Palisade Wall |
| 5:34 | Build | Palisade Wall |
| 5:45 | Create | Villager (Male) |
| 6:03 | Create | Villager (Male) |
| 6:14 | Build | Mill |
| 6:16 | Create | Villager (Male) |
| 6:21 | Create | Villager (Male) |
| 6:21 | Create | Villager (Male) |
| 6:22 | Create | Villager (Male) |
| 7:26 | Build | House |
| 7:53 | Build | Mining Camp |
| 7:57 | Create | Villager (Male) |
| 8:00 | Build | House |
| 8:21 | Research | Loom |
| 8:31 | Research | Feudal Age |
| 8:37 | Build | Mining Camp |
| 9:37 | Build | Palisade Wall |
| 9:43 | Build | Barracks |
| 9:53 | Build | House |
| 11:15 | Age | Feudal Age |
| 11:19 | Build | Market |
| 11:40 | Build | Blacksmith |
| 12:52 | Build | Stone Wall |
| 12:57 | Build | Building 490 |
| 13:38 | Create | Villager (Male) |
| 14:04 | Research | Castle Age |
| 14:18 | Build | Farm |
| 14:18 | Build | Farm |
| 14:20 | Build | Farm |
| 14:28 | Build | Farm |
| 14:29 | Build | Farm |
| 14:56 | Build | Farm |
| 16:44 | Age | Castle Age |
| 16:51 | Create | Villager (Male) |
| 16:52 | Create | Villager (Male) |
| 16:52 | Create | Villager (Male) |
| 16:52 | Create | Villager (Male) |
| 17:20 | Build | Castle |
| 17:25 | Build | Mining Camp |
| 17:39 | Research | Horse Collar |
| 17:52 | Research | Double-Bit Axe |
| 17:53 | Research | Double-Bit Axe |
| 18:52 | Build | Lumber Camp |
| 19:01 | Create | Hussite Wagon |
| 19:16 | Create | Villager (Male) |
| 19:16 | Create | Villager (Male) |
| 19:17 | Create | Villager (Male) |
| 19:45 | Create | Hussite Wagon |
| 20:04 | Create | Hussite Wagon |
| 20:44 | Create | Hussite Wagon |
| 20:59 | Build | Monastery |
| 21:56 | Create | Hussite Wagon |
| 21:57 | Create | Monk |
| 22:34 | Create | Hussite Wagon |
| 22:39 | Build | Archery Range |
| 22:40 | Build | Archery Range |
| 22:46 | Create | Villager (Male) ×5 |
| 22:50 | Create | Villager (Male) ×4 |
| 23:30 | Build | University |
| 23:38 | Build | Lumber Camp |
| 23:49 | Build | Farm |
| 24:52 | Build | Farm |
| 24:54 | Build | Farm |
| 25:01 | Build | Farm |
| 25:03 | Build | Farm |
| 25:12 | Build | Farm |
| 25:16 | Research | Chemistry |
| 25:30 | Build | Farm |
| 25:37 | Build | Farm |
| 25:42 | Build | Farm |
| 26:07 | Create | Hussite Wagon |
| 27:02 | Create | Hand Cannoneer ×5 |
| 27:03 | Create | Hand Cannoneer ×2 |
| 27:10 | Build | Farm |
| 27:11 | Build | Farm |
| 27:15 | Build | Farm |
| 27:16 | Build | Farm |
| 27:24 | Build | Farm |
| 27:25 | Build | Farm |
| 27:27 | Create | Villager (Male) |
| 27:28 | Create | Villager (Male) |
| 28:20 | Create | Villager (Male) |
| 28:21 | Create | Villager (Male) |
| 28:21 | Create | Villager (Male) |
| 28:29 | Build | Farm |
| 28:34 | Research | Padded Archer Armor |
| 28:37 | Research | Ballistics |
| 28:45 | Create | Hand Cannoneer |
| 28:49 | Create | Hand Cannoneer |
| 29:00 | Create | Hussite Wagon |
| 29:05 | Create | Hand Cannoneer |
| 29:23 | Build | House |
| 29:30 | Build | Stone Wall |
| 29:41 | Build | Stone Wall |
| 29:46 | Create | Villager (Male) |
| 29:47 | Create | Villager (Male) |
| 29:50 | Create | Hand Cannoneer |
| 29:50 | Create | Hand Cannoneer |
| 29:51 | Create | Hand Cannoneer |
| 29:51 | Create | Hand Cannoneer |
| 30:28 | Build | Lumber Camp |
| 30:49 | Create | Hand Cannoneer ×5 |
| 30:50 | Create | Hand Cannoneer ×2 |
| 31:10 | Create | Hussite Wagon |
| 31:10 | Create | Hussite Wagon |
| 31:23 | Create | Hand Cannoneer ×4 |
| 31:52 | Create | Villager (Male) ×3 |
| 31:57 | Build | House |
| 31:57 | Build | House |
| 31:58 | Build | House |
| 31:58 | Build | House |
| 31:58 | Build | House |
| 31:59 | Build | House |
| 32:00 | Build | House |
| 32:17 | Build | Farm |
| 32:20 | Build | Farm |
| 32:22 | Build | Farm |
| 32:23 | Build | Farm |
| 32:25 | Create | Villager (Male) ×3 |
| 34:19 | Create | Hand Cannoneer ×5 |
| 34:19 | Create | Hand Cannoneer ×5 |
| 34:19 | Create | Hand Cannoneer ×5 |
| 35:00 | Create | Hand Cannoneer ×3 |
| 36:15 | Create | Villager (Male) |
| 36:22 | Build | Stone Wall |
| 38:02 | Create | Villager (Male) ×5 |
| 38:02 | Create | Villager (Male) ×3 |
| 39:00 | Build | Siege Workshop |
| 39:01 | Build | Siege Workshop |
| 39:02 | Build | Siege Workshop |
Match timeline
| 5:13 | Foxinen · wall_segment Palisade Wall x4 |
| 5:22 | Foxinen · wall_segment Palisade Wall x4 |
| 5:34 | Foxinen · wall_segment Palisade Wall x4 |
| 9:37 | Foxinen · wall_segment Palisade Wall x7 |
| 9:43 | Foxinen · first_building Barracks |
| 11:15 | Foxinen · age_up feudal |
| 12:04 | DüSa · age_up feudal |
| 12:30 | DüSa · first_building Barracks |
| 12:52 | Foxinen · wall_segment Stone Wall x6 |
| 13:18 | Foxinen · first_market_buy 100 food |
| 13:19 | Foxinen · first_market_sell 100 wood |
| 13:21 | DüSa · first_building Archery Range |
| 16:44 | Foxinen · age_up castle |
| 17:20 | Foxinen · first_building Castle |
| 18:01 | DüSa · first_market_buy 100 food |
| 20:45 | DüSa · age_up castle |
| 20:59 | Foxinen · first_building Monastery |
| 21:04 | DüSa · first_building Castle |
| 22:39 | Foxinen · first_building Archery Range |
| 24:16 | DüSa · first_market_sell 100 wood |
| 29:23 | DüSa · first_building Siege Workshop |
| 29:30 | Foxinen · wall_segment Stone Wall x21 |
| 29:41 | Foxinen · wall_segment Stone Wall x12 |
| 36:22 | Foxinen · wall_segment Stone Wall x8 |
| 39:00 | Foxinen · first_building Siege Workshop |
| 46:03 | DüSa · age_up imperial |
| 47:43 | Foxinen · first_building Stable |
| 52:18 | Foxinen · age_up imperial |
| 55:27 | DüSa · resign |
[ AI ANALYSIS · 1 CREDIT ]
What really happened in this match?
Wolo.gg analyzes every decision: build order, eco, micro, common mistakes by bracket. Personalized analysis on WhatsApp or Discord in 30 seconds.
Civ guide
Aztecs
Perfil
Jugador #487370